 Dungeon Crawl Stone Soup version 0.30-a0-1008-g30c9307041 (webtiles) character file.

Game seed: 11172972575558969070

13243 Maxmaps the Blocker (level 11, 0/84 HPs)
             Began as a Demonspawn Monk on Apr 5, 2023.
             Was an Initiate of Gozag.
             Slain by a dire elephant simulacrum (14 damage)
             ... in an ice cave.
             The game lasted 00:18:53 (12410 turns).

Maxmaps the Blocker (Demonspawn Monk)              Turns: 12410, Time: 00:18:55

Health: 0/84       AC: 17    Str: 12    XL:     11   Next: 73%
Magic:  11/11      EV: 10    Int: 18    God:    Gozag
Gold:   2658       SH: 13    Dex: 15    Spells: 10/10 levels left

rFire   . . .      SeeInvis .    g - +9 flail "Unaoq" {pain, rElec}
rCold   + . .      Faith    .    t - +1 kite shield
rNeg    . . .      Spirit   .    j - +5 ring mail of the Gastropod {rC+ Int+2}
rPois   +          Reflect  .    (helmet restricted)
rElec   +          Rampage  .    l - +0 cloak
rCorr   .                        c - +0 pair of gloves
Will    .....                    s - +0 pair of boots
Stlth   +                        b - amulet of magic regeneration
HPRegen 0.34/turn                e - ring of poison resistance
MPRegen 0.52/turn                (no ring)

@: mighty
A: antennae 2, thin metallic scales 2, foul stench 2, powered by pain 1
a: Renounce Religion, Potion Petition, Call Merchant, Bribe Branch


You were in an ice cave.
You worshipped Gozag.
Gozag was most pleased with you.
You visited 1 branch of the dungeon, and saw 12 of its levels.
You also visited: Ossuary and Ice Cave.

You collected 3501 gold pieces.
You spent 573 gold pieces at shops.
You paid 270 gold pieces to Gozag.

Inventory:

Hand Weapons
 g - the +9 flail "Unaoq" (weapon) {pain, rElec}
   (You found it on level 4 of the Dungeon)

   rElec:     It insulates you from electricity.
Missiles
 H - 3 throwing nets (quivered)
Armour
 c - a +0 pair of gloves (worn)
 j - the +5 ring mail of the Gastropod (worn) {rC+ Int+2}
   (You bought it in a shop on level 5 of the Dungeon)

   Int:       It affects your intelligence (+2).
   rC:        It protects you from cold.
 l - a +0 cloak (worn)
 p - +0 steam dragon scales
 s - a +0 pair of boots (worn)
 t - a +1 kite shield (worn)
Jewellery
 b - an amulet of magic regeneration (around neck)
 e - a ring of poison resistance (left hand)
Wands
 m - a wand of polymorph (27)
 q - a wand of charming (18)
 u - a wand of mindburst (21)
 y - a wand of digging (5)
Scrolls
 n - 5 scrolls of vulnerability
 o - 5 scrolls of magic mapping
 x - 3 scrolls of fog
 D - a scroll of amnesia
 F - a scroll of teleportation
 G - a scroll of torment {unknown}
Potions
 d - 4 potions of might
 f - 3 potions of invisibility
 h - 3 potions of curing
 i - 4 potions of flight
 k - a potion of resistance
 r - 5 potions of attraction
 v - a potion of haste
 w - a potion of magic
 z - 3 potions of brilliance
 A - 3 potions of mutation
 B - a potion of ambrosia
 E - a potion of cancellation


   Skills:
 - Level 7.0 Fighting
 - Level 10.0 Maces & Flails
 - Level 5.1 Armour
 - Level 3.0 Dodging
 - Level 1.7 Stealth
 + Level 11.4 Shields
 - Level 3.0 Unarmed Combat
 - Level 3.0 Evocations


You had 10 spell levels left.
You didn't know any spells.
Your spell library contained the following spells:

 Spells                   Type           Power      Damage    Failure   Level
 Necrotise                Necr           0%         1d4       67%         1
 Lesser Beckoning         Tloc           0%         N/A       82%         2
 Poisonous Vapours        Pois/Air       0%         N/A       82%         2
 Gell's Gravitas          Tloc           0%         N/A       96%         3
 Mephitic Cloud           Conj/Pois/Air  0%         N/A       96%         3
 Ozocubu's Armour         Ice            0%         N/A       96%         3
 Teleport Other           Tloc           0%         N/A       96%         3
 Vampiric Draining        Necr           0%         2d6       96%         3
 Vhi's Electric Charge    Tloc/Air       0%         N/A       96%         3
 Volatile Blastmotes      Fire/Tloc      0%         2d10      96%         3
 Anguish                  Hex/Necr       0%         N/A       100%        4
 Cause Fear               Hex            0%         N/A       100%        4
 Fulminant Prism          Conj/Hex       0%         3d5       100%        4
 Iskenderun's Mystic Bla  Conj/Tloc      0%         2d3       100%        4
 Agony                    Necr           0%         N/A       100%        5
 Arcjolt                  Conj/Air       0%         1d10      100%        5
 Fireball                 Conj/Fire      0%         3d3       100%        5
 Freezing Cloud           Conj/Ice/Air   0%         6-21      100%        5
 Iskenderun's Battlesphe  Conj           0%         2d6       100%        5
 Lee's Rapid Deconstruct  Erth           0%         3d4*      100%        5
 Conjure Ball Lightning   Conj/Air       0%         3x3d6     100%        6
 Plasma Beam              Fire/Air       0%         2x1d11    100%        6
 Enfeeble                 Hex            0%         N/A       100%        7
 Orb of Destruction       Conj           0%         9d5       100%        7
 Ozocubu's Refrigeration  Ice            0%         4d7       100%        7


Dungeon Overview and Level Annotations

Branches:
Dungeon (12/15)            Temple (0/1) D:5            Lair (0/5) D:10
Ossuary (visited)           IceCv (1/1)
    Orc: D:9-12

Altars:
Cheibriados
Fedhas
Gozag
Hepliaklqana
Kikubaaqudgha
Makhleb
Nemelex Xobeh
Okawaru
Vehumet

Shops:
D:1 :   D:5 [   D:8 ?

Annotations:
D:7 exclusion: statue
D:11 4 transporters


Innate Abilities, Weirdness & Mutations

You have a pair of antennae on your head.
You are mostly covered in thin metallic scales. (AC +3)
You sometimes emit foul miasma when damaged in melee.
You sometimes gain a little power by taking damage.


Message History

The white ugly thing gurgles horribly!
Found 15 gold pieces.
Found an ice covered gate leading back out of this place.
There is an ice choked empty arch of ancient stone here.
There is an ice covered gate leading back out of this place here.
You are confused.
You feel invigorated.
A wolf simulacrum comes into view.
You are too injured to fight recklessly!
You are too injured to fight recklessly!
You hit the dire elephant simulacrum.
The dire elephant simulacrum is lightly damaged.
The elephant simulacrum barely misses you.
The elephant simulacrum trunk-slaps you but does no damage.
The dire elephant simulacrum tramples you.
You hold your ground!
The dire elephant simulacrum trunk-slaps you.
The dire elephant simulacrum freezes you!
You resist.
You emit a cloud of foul miasma!
You bump into the ice covered rock wall.
You feel less invigorated.
You feel less confused. The elephant simulacrum tramples you.
You hold your ground!
You emit a cloud of foul miasma!
The elephant simulacrum trunk-slaps you but does no damage.
The dire elephant simulacrum tramples you but does no damage.
The dire elephant simulacrum trunk-slaps you but does no damage.
You thump the white ugly thing!
The white ugly thing is lightly wounded.
The white ugly thing completely misses you.
You block the elephant simulacrum's attack. x2
The dire elephant simulacrum tramples you!
* * * LOW HITPOINT WARNING * * *
You hold your ground!
The dire elephant simulacrum trunk-slaps you.
* * * LOW HITPOINT WARNING * * *
The dire elephant simulacrum freezes you!
You resist.
You die...
Your body crumbles into a pile of gold.

### ...###
......#
.......##
........##
$
.8.......#
.......ZZ#
$.....Zu@#
$
$.......Z.#
.8.......#
........##
.......##
......#
...### ###


You could see a white ugly thing, a wolf simulacrum, an elephant simulacrum, a
dire elephant simulacrum and a polar bear simulacrum.

Vanquished Creatures
  Nergalle (D:11)
  An ugly thing (D:11)
  A cyclops (D:11)
  Maurice (D:9)
  Joseph (D:8)
  3 gargoyles
  Maggie (D:8)
  Psyche (D:9)
  A kobold demonologist (D:10)
  A komodo dragon (D:11)
  4 trolls
  6 slime creatures (D:9)
  14 yaks
  Sigmund (D:3)
  A shadow (D:11)
  2 wyverns
  5 steam dragons
  2 vampire mosquitoes (D:10)
  2 acid dragons
  A water moccasin (D:6)
  4 black bears
  7 orc warriors
  A centaur (D:7)
  2 ogres (D:7)
  A phantom (D:5)
  A kobold brigand (D:8)
  4 bullfrogs
  2 scorpions
  A troll zombie (Ossuary)
  5 wights (D:10)
  5 killer bees (D:8)
  2 howler monkeys
  3 centaur zombies (Ossuary)
  5 hounds
  4 orc priests
  A gnoll bouda (D:10)
  3 iguanas
  10 orc wizards
  3 sleepcaps
  An ogre zombie (Ossuary)
  7 mummies (Ossuary)
  10 gnolls
  6 adders
  A shadow imp (D:5)
  A white imp (D:5)
  An ufetubus (D:7)
  8 adder zombies (Ossuary)
  A worm (D:4)
  2 dart slugs
  37 orcs
  2 bats
  4 endoplasms
  4 giant cockroaches
  7 goblins
  8 hobgoblins
  3 jackals (D:3)
  14 kobolds
  3 quokkas
  5 ball pythons
  4 frilled lizards
  A gnoll zombie (Ossuary)
  3 goblin zombies (Ossuary)
  4 hobgoblin zombies (Ossuary)
  2 kobold zombies (Ossuary)
  6 quokka zombies (Ossuary)
  6 rats
  A rat zombie (Ossuary)
266 creatures vanquished.

Vanquished Creatures (collateral kills)
  A gnoll bouda (D:7)
  A gnoll (D:7)
  A quokka (D:4)
3 creatures vanquished.

Vanquished Creatures (others)
  Erolcha (D:10)
  2 orcs
  A ball python (D:4)
  13 fungi (D:10)
  11 plants (D:10)
28 creatures vanquished.

Grand Total: 297 creatures vanquished

Notes
Turn   | Place    | Note
-------+----------+-------------------------------------------
     0 | D:1      | Maxmaps the Demonspawn Monk began the quest for the Orb.
     0 | D:1      | Reached XP level 1. HP: 18/18 MP: 1/1
    72 | D:1      | Found Dichup's Book Shop.
   169 | D:1      | Gained mutation: You may rarely emit foul miasma when
                  | damaged in melee. [demonic ancestry]
   169 | D:1      | Reached XP level 2. HP: 24/24 MP: 2/2
   172 | D:1      | Found a faded altar of an unknown god.
   375 | D:1      | Reached skill level 1 in Armour
   659 | D:2      | Gained mutation: You are partially covered in thin metallic
                  | scales. (AC +2) [demonic ancestry]
   659 | D:2      | Reached XP level 3. HP: 25/29 MP: 3/3
  1255 | D:3      | HP: 1/29 [orc/+0 flail (6)]
  1298 | D:3      | Gained mutation: You are mostly covered in thin metallic
                  | scales. (AC +3) [demonic ancestry]
  1298 | D:3      | Reached XP level 4. HP: 17/35 MP: 4/4
  1480 | D:3      | Found an opulent altar of Gozag.
  1481 | D:3      | Noticed Sigmund
  1618 | D:3      | Killed Sigmund
  1619 | D:3      | Reached XP level 5. HP: 36/41 MP: 5/5
  1651 | D:3      | Became a worshipper of Gozag Ym Sagoz the Greedy
  1912 | D:3      | Found a snail-covered altar of Cheibriados.
  1978 | D:3      | Reached skill level 5 in Armour
  1978 | D:3      | Gained mutation: You sometimes gain a little power by
                  | taking damage. [demonic ancestry]
  1978 | D:3      | Reached XP level 6. HP: 47/47 MP: 6/6
  2658 | D:5      | Entered Level 5 of the Dungeon
  2704 | D:5      | Reached skill level 5 in Fighting
  2704 | D:5      | Gained mutation: You sometimes emit foul miasma when
                  | damaged in melee. [demonic ancestry]
  2704 | D:5      | Reached XP level 7. HP: 28/56 MP: 7/7
  3372 | D:4      | Identified the +9 flail "Unaoq" {pain, rElec}
  3581 | D:5      | Found Ewnarun's Armour Boutique.
  3595 | D:5      | Bought the +5 ring mail of the Gastropod {rC+ Int+2} for
                  | 472 gold pieces
  3595 | D:5      | Bought a +0 cloak for 45 gold pieces
  4089 | D:5      | Found a staircase to the Ecumenical Temple.
  4226 | D:6      | Reached skill level 1 in Evocations
  4301 | D:6      | Gained mutation: You have a pair of small antennae on your
                  | head. [demonic ancestry]
  4301 | D:6      | Reached XP level 8. HP: 67/67 MP: 8/8
  4348 | D:6      | Reached skill level 1 in Maces & Flails
  4871 | D:6      | Found a blossoming altar of Fedhas.
  5114 | D:7      | Reached skill level 5 in Maces & Flails
  5164 | D:7      | Found a sand-covered staircase.
  5203 | Ossuary  | Entered an ossuary
  5414 | Ossuary  | Gained mutation: You have a pair of antennae on your head.
                  | [demonic ancestry]
  5414 | Ossuary  | Reached XP level 9. HP: 32/72 MP: 9/9
  5974 | D:7      | Identified a scroll of acquirement
  5974 | D:7      | Acquired 1052 gold pieces
  6025 | D:7      | Found a radiant altar of Vehumet.
  6556 | D:8      | Noticed Joseph
  6561 | D:8      | Killed Joseph
  6973 | D:8      | Noticed Maggie
  6987 | D:8      | Killed Maggie
  7310 | D:8      | Reached skill level 10 in Maces & Flails
  7310 | D:8      | Reached XP level 10. HP: 42/79 MP: 10/10
  7538 | D:8      | Reached skill level 1 in Shields
  7722 | D:8      | Reached skill level 2 in Shields
  7734 | D:8      | Reached skill level 3 in Shields
  7769 | D:8      | Reached skill level 4 in Shields
  8051 | D:8      | Found The Oracle's Delphic Readings.
  8076 | D:8      | Bought a scroll of identify for 28 gold pieces
  8076 | D:8      | Bought a scroll of identify for 28 gold pieces
  8175 | D:8      | Reached skill level 5 in Shields
  8271 | D:9      | Noticed Maurice
  8403 | D:9      | Killed Maurice
  8404 | D:9      | Reached skill level 6 in Shields
  8609 | D:9      | Noticed Psyche
  8619 | D:9      | Killed Psyche
  8749 | D:9      | Reached skill level 7 in Shields
  9141 | D:9      | Found an iron altar of Okawaru.
  9206 | D:9      | Found a hazy altar of Hepliaklqana.
  9364 | D:9      | Reached skill level 8 in Shields
  9584 | D:9      | Found an ancient bone altar of Kikubaaqudgha.
  9657 | D:9      | Reached XP level 11. HP: 77/84 MP: 11/11
  9761 | D:9      | Found a burning altar of Makhleb.
  9837 | D:10     | Entered Level 10 of the Dungeon
  9860 | D:10     | Identified the +0 scale mail "Xuotouq" {Harm Will+}
  9866 | D:10     | Found a sparkling altar of Nemelex Xobeh.
 10315 | D:10     | Reached skill level 9 in Shields
 10408 | D:10     | Found a staircase to the Lair.
 10456 | D:10     | Noticed Erolcha
 10617 | D:10     | Killed Erolcha
 11252 | D:11     | Reached skill level 10 in Shields
 11499 | D:11     | Found a transporter.
 11502 | D:11     | Found a transporter.
 11506 | D:11     | Found a transporter.
 11589 | D:11     | Noticed a green ugly thing
 11600 | D:11     | Killed a green ugly thing
 12040 | D:11     | Reached skill level 11 in Shields
 12253 | D:11     | Found a transporter.
 12303 | D:12     | Noticed Nergalle
 12322 | D:11     | Killed Nergalle
 12353 | D:12     | Noticed a boulder beetle
 12396 | D:12     | Found a frozen archway.
 12401 | IceCv    | Entered an ice cave
 12401 | IceCv    | Noticed a white ugly thing
 12410 | IceCv    | Slain by a dire elephant simulacrum

Illustrated notes

Levels and vault maps discovered:
D:1:      minmay_arrival_checkered_box, layout_basic,
          shapermc_ecumenical_altar_notcrosses, serial_shops, shop
D:2:      layout_rooms, serial_glass, glass_columns_a, glass_columns_b,
          roderic_roman_lattice
D:3:      layout_basic, mainiacjoe_overflow_brackets, kennysheep_slug_shrine,
          uniq_sigmund
D:4:      layout_rooms
D:5:      layout_cave_pools, temple_hall, serial_shops, shop,
          chequers_serial_rivers_room_a
D:6:      layout_rooms, lemuel_coloured_pillars_altar
D:7:      layout_rooms, vehumet_statue, nicolae_ossuary_entry_ruins,
          nicolae_sextant, minmay_hedge_maze
D:8:      layout_gridville, chequers_serial_rivers_micro_e,
          nicolae_nh_oracle_at_delphi, uniq_maggie, uniq_joseph
D:9:      layout_basic, mainiacjoe_overflow_alcove_2,
          mainiacjoe_overflow_small_starburst, minitemple,
          mainiacjoe_overflow_big_doors, uniq_psyche, uniq_maurice
D:10:     layout_small_grid, mainiacjoe_overflow_tiny_flanked,
          grunt_lair_entry_orc_guard_hut, minmay_variable_closet, uniq_erolcha
D:11:     layout_roguey, nicolae_transporter_circle
D:12:     minmay_nested_s, layout_irregular_city, erik_orc_1,
          portal_ice_cave_entry_ice_simulacra, uniq_urug, uniq_nergalle
IceCv:    ice_cave_statue_garden_transporter

Skill      XL: |  1  2  3  4  5  6  7  8  9 10 11 |
---------------+----------------------------------+-----
Unarmed Combat | 3 |  3.0
Dodging        | 3 |  3.0
Armour         | 1 2 4 5 |  5.1
Fighting       | 5 7 |  7.0
Evocations     | 2 3 |  3.0
Maces & Flails | 6 10 | 10.0
Shields        | 8 11 | 11.4
Stealth        | |  1.7

Action                     |  1- 3 |  4- 6 |  7- 9 | 10-12 || total
---------------------------+-------+-------+-------+-------++-------
  Melee: Unarmed           |   134 |   192 |   202 |       ||   528
         Punch             |     1 |     3 |     5 |       ||     9
         Flail             |       |       |   262 |   418 ||   680
 Invoke: Potion Petition   |       |       |       |     1 ||     1
  Evoke: Wand              |       |       |     3 |     7 ||    10
    Use: Potion            |     1 |     5 |       |     4 ||    10
         Scroll            |       |     9 |    10 |     4 ||    23
   Stab: Sleeping          |     5 |     2 |     2 |       ||     9
         Distracted        |       |       |     3 |     2 ||     5
 Armour: Robe              |    25 |       |       |       ||    25
         Leather armour    |       |    50 |       |       ||    50
         Skin              |       |    15 |       |       ||    15
         Ring mail         |       |    46 |   315 |   149 ||   510
  Dodge: Dodged            |    80 |   148 |   236 |   128 ||   592
  Block: Kite shield       |       |       |   150 |   247 ||   397

Table legend: (Time is in decaauts)
 A = Elapsed time spent in this place.
 B = Non-inter-level travel time spent in this place.
 C = Inter-level travel time spent in this place.
 D = Time resting spent in this place.
 E = Time spent auto-exploring this place.
 F = Levels seen in this place.
 G = Mean time per level.
                   A        B        C        D        E       F      G
               +--------+--------+--------+--------+--------+-----+--------+
         Total |  12479 |  12168 |    311 |   2769 |   6364 |  14 |  891.4 |
       Dungeon |  11678 |  11367 |    311 |   2514 |   6078 |  12 |  973.2 |
       Ossuary |    792 |    792 |      0 |    255 |    286 |   1 |  792.0 |
      Ice Cave |      8 |      8 |      0 |      0 |      0 |   1 |    8.0 |
               +--------+--------+--------+--------+--------+-----+--------+

Top non-repeatable levels by time:
     D:9: 1607 daAuts
     D:8: 1524 daAuts
     D:3: 1419 daAuts
    D:10: 1281 daAuts
    D:11: 1156 daAuts
     D:7: 1155 daAuts
     D:5: 811 daAuts
 Ossuary: 792 daAuts
     D:6: 738 daAuts
     D:2: 666 daAuts
     D:4: 647 daAuts
     D:1: 646 daAuts
    D:12: 22 daAuts
   IceCv: 8 daAuts
